 Dungeon Crawl Stone Soup version 0.29.1-1-gd02db6906a (webtiles) character file.

Game seed: 11437434051925023751

755 jamesp the Insei (level 7, 0/46 HPs)
             Began as an Octopode Transmuter on Oct 7, 2022.
             Was an Initiate of Cheibriados.
             Slain by a gnoll
             ... wielding a +0 whip
             ... led by a gnoll sergeant
              (8 damage)
             ... on level 4 of the Dungeon.
             The game lasted 00:14:20 (6443 turns).

jamesp the Insei (Octopode Transmuter)              Turns: 6443, Time: 00:14:21

Health: 0/46       AC:  1    Str: 16    XL:     7   Next: 79%
Magic:  13/13      EV: 13    Int: 19    God:    Cheibriados [......]
Gold:   214        SH:  0    Dex: 13    Spells: 10/14 levels left

rFire   . . .      SeeInvis .     - Unarmed
rCold   . . .      Faith    .   (no shield)
rNeg    . . .      Spirit   .   (helmet currently unavailable)
rPois   .          Reflect  .   (no amulet)
rElec   .          Harm     .   m - +6 ring of strength
rCorr   .          Rampage  .   (no ring)
Will    .....                   (no ring)
Stlth   ++........              (no ring)
HPRegen 0.15/turn               (no ring)
MPRegen 0.13/turn               (no ring)
                                (no ring)
                                (no ring)

@: mighty, appendages, very slow
A: tentacle spike 3, almost no armour, amphibious, 8 rings, camouflage 1,
gelatinous body 1, (nimble swimmer 1), tentacles
a: End Transformation, Renounce Religion


You were on level 4 of the Dungeon.
You worshipped Cheibriados.
Cheibriados was noncommittal.
One of your tentacles had grown a beastly spike.
You visited 2 branches of the dungeon, and saw 6 of its levels.

You collected 214 gold pieces.

Inventory:

Hand Weapons
 k - a +0 lajatang
Missiles
 b - 39 stones
 g - 3 datura-tipped darts
 n - 3 boomerangs
 q - a throwing net
Armour
 h - the +2 hat "Osifocua" (melded) {rC+ Will+ Int+3}
   (You found it on level 5 of the Dungeon)

   Int:       It affects your intelligence (+3).
   rC:        It protects you from cold.
   Will:      It increases your willpower.
Magical Staves
 a - a staff of earth
 p - a staff of poison
Jewellery
 m - a +6 ring of strength (left tentacle)
Wands
 s - a wand of flame (7)
Scrolls
 c - 3 scrolls of enchant armour
 f - 2 scrolls of poison
 i - 2 scrolls of teleportation
 j - 3 scrolls of magic mapping
 l - 2 scrolls of immolation
 r - a scroll of butterflies
 u - a scroll of identify
Potions
 e - a potion of magic
 t - a potion of invisibility


   Skills:
 - Level 3.0 Fighting
 - Level 2.0 Dodging
 + Level 5.4 Unarmed Combat
 - Level 4.0 Spellcasting
 + Level 4.8 Transmutations
 + Level 1.4 Poison Magic
 + Level 1.2 Invocations


You had 10 spell levels left.
You knew the following spells:

 Your Spells              Type           Power      Damage    Failure   Level
a - Beastly Appendage     Tmut           44%        N/A       1%          1
b - Spider Form           Tmut/Pois      15%        N/A       12%         3

Your spell library contained the following spells:

 Spells                   Type           Power      Damage    Failure   Level
 Wereblood                Tmut           22%        N/A       2%          2
 Magic Dart               Conj           12%        1d3       14%         1
 Call Imp                 Summ           3%         N/A       21%         2
 Mephitic Cloud           Conj/Pois/Air  5%         N/A       34%         3
 Ice Form                 Ice/Tmut       13%        N/A       45%         4


Dungeon Overview and Level Annotations

Branches:
Dungeon (5/15)             Temple (1/1) D:5

Altars:
Ashenzari
Cheibriados
Dithmenos
Elyvilon
Fedhas
Kikubaaqudgha
Makhleb
Nemelex Xobeh
Okawaru
Qazlal
Ru
Sif Muna
Uskayaw
Vehumet
Wu Jian
Xom


Innate Abilities, Weirdness & Mutations

One of your tentacles has grown a beastly spike.
You cannot wear most types of armour.
You are amphibious.
You can wear up to eight rings at the same time.
Your skin changes colour to match your surroundings (Stealth+).
Your rubbery body absorbs attacks. (AC +1, EV +1)
((You are camouflaged when in or above water. (Stealth+)))
You have tentacles for arms and can constrict up to eight enemies at once.


Message History

You start putting on your armour.
You continue putting on the +2 hat "Osifocua" {rC+ Will+ Int+3}. x4
You finish putting on the +2 hat "Osifocua" {rC+ Will+ Int+3}.
You feel clever.
l - 2 scrolls of immolation (gained 1)
u - a scroll of identify The gnoll sergeant shouts!
You hear a shout! x2
The gnoll sergeant hits you from afar with a +2 spear of freezing!
The gnoll sergeant freezes you.
The gnoll sergeant hits you from afar with a +2 spear of freezing.
The gnoll sergeant freezes you.
The gnoll sergeant throws a stone.
The stone closely misses you.
The gnoll sergeant falls through a shaft!
The shaft crumbles and collapses.
There is an escape hatch in the ceiling here.
Casting: Beastly Appendage (safe; 1% risk of failure)
Confirm with . or Enter, or press ? or * to list all spells.
One of your tentacles grows a vicious spike.
The +2 hat "Osifocua" {rC+ Will+ Int+3} melds into your body.
The gnoll hits you with a +0 flail. The gnoll attacks as you move away!
The gnoll hits you with a +0 flail.
There is an escape hatch in the ceiling here.
The gnoll hits you with a +0 flail! The gnoll closely misses you.
A mysterious force pulls you upwards. The hatch slams shut behind you.
You tentacle-slap the gnoll but do no damage.
Your grab misses the gnoll.
Your tentacle spike misses the gnoll.
The gnoll hits you with a +0 whip!
* * * LOW HITPOINT WARNING * * *
The gnoll misses you.
You closely miss the gnoll. You grab the gnoll.
You pierce the gnoll.
You squeeze the gnoll, but do no damage.
The gnoll is moderately wounded.
You constrict the gnoll. The gnoll barely misses you.
The gnoll hits you with a +0 flail!
* * * LOW HITPOINT WARNING * * *
You feel better.
You constrict the gnoll. The gnoll barely misses you. The gnoll misses you.
You feel very mighty all of a sudden.
You constrict the gnoll. The gnoll hits you with a +0 whip!
You die...

..^....^# #.#
#.###...###.##### ..^.....##
#.# #.##.....##.# ###
...>^....# #.# #.#.......#.#
#.. .....^^.## #.#
#...........# #.# .^....^.#
#.# ###......>### #.#
.^.....## #†# ##.....## #.#
#.....## #.# ##...#### #.#
###..#######.#########.....#
#.#
#..............g@g.........#
#.#
#######.#################..#
#.# #.# #..####.# #.#
#........ #.# ##....... #.#
#.####.# #.# ##.##...# #.#
###...###.# ####.########
#.'.♣.#####


You could see 2 gnolls.

Vanquished Creatures
  An ice beast (D:5)
  A phantom (D:3)
  A scorpion (D:5)
  4 wights (D:4)
  A howler monkey (D:4)
  A jelly (D:4)
  A hound (D:4)
  2 iguanas (D:4)
  An orc wizard (D:4)
  A gnoll (D:2)
  3 adders
  10 worms
  7 orcs (D:4)
  A ball python (D:4)
  9 bats
  12 endoplasms
  5 giant cockroaches
  6 goblins
  7 hobgoblins
  8 kobolds
  2 frilled lizards
  3 rats
87 creatures vanquished.

Notes
Turn   | Place    | Note
-------+----------+-------------------------------------------
     0 | D:1      | jamesp the Octopode Transmuter began the quest for the Orb.
     0 | D:1      | Reached XP level 1. HP: 13/13 MP: 3/3
   233 | D:1      | Reached XP level 2. HP: 18/18 MP: 3/5
  1039 | D:2      | Reached XP level 3. HP: 17/23 MP: 6/6
  1588 | D:2      | Reached XP level 4. HP: 29/29 MP: 5/7
  2692 | D:2      | Learned a level 3 spell: Spider Form
  2831 | D:3      | Found an ancient bone altar of Kikubaaqudgha.
  2831 | D:3      | Found an ornate altar of the Wu Jian Council.
  2832 | D:3      | Found a sacrificial altar of Ru.
  2845 | D:3      | Found a sparkling altar of Nemelex Xobeh.
  2935 | D:3      | Noticed a phantom
  2945 | D:3      | Killed a phantom
  2946 | D:3      | Reached XP level 5. HP: 26/35 MP: 9/9
  3178 | D:3      | Reached skill level 4 in Unarmed Combat
  3527 | D:4      | Reached XP level 6. HP: 41/41 MP: 8/10
  3666 | D:4      | Found a shadowy altar of Dithmenos.
  4266 | D:4      | Reached XP level 7. HP: 29/46 MP: 10/12
  5068 | D:4      | Found an iron altar of Okawaru.
  5279 | D:4      | Reached skill level 5 in Unarmed Combat
  5844 | D:5      | Entered Level 5 of the Dungeon
  5996 | D:5      | Found a staircase to the Ecumenical Temple.
  6004 | Temple   | Entered the Ecumenical Temple
  6011 | Temple   | Became a worshipper of Cheibriados the Contemplative
  6131 | D:5      | Reached skill level 1 in Poison Magic
  6193 | D:5      | Reached skill level 1 in Invocations
  6413 | D:5      | Identified the +2 hat "Osifocua" {rC+ Will+ Int+3}
  6443 | D:4      | Slain by a gnoll

Illustrated notes

Levels and vault maps discovered:
D:1:      dpeg_arrival_snail, layout_basic
D:2:      minmay_recursive_quarters, layout_loops_ring
D:3:      layout_basic, nicolae_overflow_quartered_altars,
          minmay_misc_feat_secret_circle
D:4:      layout_loops_ring, nicolae_overflow_crystal_walls,
          okawaru_ov_weapons_minmay, grunt_ministairs_13, nicolae_wormholes
D:5:      layout_loops_ring, minmay_temple_entry_statues
Temple:   hellmonk_temple_micro_hex

Skill      XL: |  1  2  3  4  5  6  7 |
---------------+----------------------+-----
Fighting       | 2 3 |  3.0
Spellcasting   | 3 4 |  4.0
Transmutations | 3 4 |  4.8
Unarmed Combat | 4 5 |  5.4
Poison Magic   | 1 |  1.4
Invocations    | 1 |  1.2
Dodging        | |  2.0

Action                   |  1- 3 |  4- 6 |  7- 9 || total
-------------------------+-------+-------+-------++-------
Melee: Unarmed           |    68 |   102 |    63 ||   233
       Kick              |    17 |    19 |    21 ||    57
       Constrict         |    19 |    18 |    16 ||    53
       Tentacles         |    11 |    16 |    15 ||    42
       Punch             |     1 |     4 |     5 ||    10
 Cast: Beastly Appendage |    17 |    19 |    10 ||    46
  Use: Scroll            |       |     6 |     5 ||    11
       Potion            |       |     2 |     3 ||     5
 Stab: Sleeping          |     6 |     5 |       ||    11
Armor: Skin              |     9 |    16 |       ||    25
Dodge: Dodged            |    33 |    44 |    25 ||   102
